 Dungeon Crawl Stone Soup version 0.25.1-2-g60ff931df9 (webtiles) character file.

Game seed: 17932304336384347170

47 Curus the Poker (level 3, -1/31 HPs)
             Began as a Minotaur Fighter on Aug 15, 2020.
             Slain by Sigmund
             ... wielding a +0 scythe
              (3 damage)
             ... on level 1 of the Dungeon.
             The game lasted 00:06:37 (1225 turns).

Curus the Poker (Minotaur Fighter)                  Turns: 1225, Time: 00:06:38

Health: -1/31      AC:  6    Str: 20    XL:     3   Next: 48%
Magic:  2/2        EV:  7    Int:  6    God:
Gold:   69         SH:  9    Dex:  9    Spells: 2/2 levels left

rFire    . . .     SeeInvis .   a - +0 trident
rCold    . . .     Gourm    .   c - +0 kite shield
rNeg     . . .     Faith    .   b - +0 scale mail
rPois    .         Spirit   .   (helmet restricted)
rElec    .         Reflect  .   (no cloak)
rCorr    .         Harm     .   (no gloves)
MR       .....                  (no boots)
Stlth    ..........             e - amulet of inaccuracy (curse)
HPRegen  0.10/turn              (no ring)
MPRegen  0.08/turn              (no ring)

@: mighty
A: retaliatory headbutt, horns 2
a: no special abilities


You were on level 1 of the Dungeon.
You were not hungry.

You visited 1 branch of the dungeon, and saw 2 of its levels.

You collected 69 gold pieces.

Inventory:

Hand Weapons
 a - a +0 trident (weapon)
Armour
 b - a +0 scale mail (worn)
 c - a +0 kite shield (worn)
Jewellery
 e - a cursed amulet of inaccuracy (around neck)
Comestibles
 f - 3 rations
 g - a chunk of flesh


   Skills:
 - Level 3.6 Fighting
 + Level 4.8 Polearms
 - Level 3.6 Armour
 - Level 3.6 Shields


You had 2 spell levels left.
You didn't know any spells.
Your spell library was empty.

Dungeon Overview and Level Annotations

Branches:
Dungeon (2/15)

Altars:

Annotations:
D:1 Sigmund


Innate Abilities, Weirdness & Mutations

You reflexively headbutt those who attack you in melee.
You have a pair of horns on your head.


Message History

You completely miss something. Your headbutt misses something.
Something hits you.
You closely miss something. You closely miss something. Something hits you.
* * * LOW HITPOINT WARNING * * *
You miss something.
You hear some strange, mumbled words.
A magic dart appears from out of thin air!
The magic dart hits you.
* * * LOW HITPOINT WARNING * * *
You feel very mighty all of a sudden. Something hits you.
* * * LOW HITPOINT WARNING * * *
You miss something. Something hits you.
* * * LOW HITPOINT WARNING * * *
You miss something.
Your shield and scale mail prevent you from hitting something.
Your headbutt misses something. Something hits you but does no damage.
You miss something. Your headbutt misses something. Something hits you.
You die...

#.#####.####.....##########
#................+.........
#######.####.....#....#####
#.##.................
#.##.#######.......##
#.##.# #.......#
#.##.##########....#
#.##.#............##
#>.{@.............#
####'##.#............#
#.....#.#............#
#.....#.#............#
#.....#.#............#
#.....#.#............#
#.....#.####.........#
####.##.# #.........#
#.##.####.........#


There were no monsters in sight!

Vanquished Creatures
  2 adders (D:2)
  An ooze (D:1)
  2 ball pythons
  A bat (D:1)
  A giant cockroach (D:1)
  5 hobgoblins (D:1)
  6 kobolds
  A quokka (D:2)
  A frilled lizard (D:1)
  2 goblins (D:1)
22 creatures vanquished.

Notes
Turn   | Place    | Note
-------+----------+-------------------------------------------
     0 | D:1      | Curus the Minotaur Fighter began the quest for the Orb.
     0 | D:1      | Reached XP level 1. HP: 19/19 MP: 0/0
    68 | D:1      | Reached skill level 3 in Polearms
   186 | D:1      | Reached XP level 2. HP: 26/26 MP: 1/1
   781 | D:1      | Reached skill level 4 in Polearms
   993 | D:2      | Reached XP level 3. HP: 31/31 MP: 2/2
  1186 | D:2      | Noticed Sigmund
  1225 | D:1      | Slain by Sigmund

Illustrated notes

Levels and vault maps discovered:
D:1:      dpeg_arrival_lava_temple_mockup, layout_basic
D:2:      layout_rooms, uniq_robin, uniq_natasha, uniq_sigmund

Skill      XL: |  1  2 |
---------------+-------+-----
Polearms       | 3 4 |  4.8
Fighting       | |  3.6
Armour         | |  3.6
Shields        | |  3.6

Action                   || total
-------------------------++-------
Melee: Trident           ||    89
       Headbutt          ||     6
  Use: Scroll            ||     4
       Potion            ||     4
  Eat: Chunk             ||     1
Armor: Scale mail        ||    26
Dodge: Dodged            ||    20
Block: Kite shield       ||    32
